 Dungeon Crawl Stone Soup version 0.28-a0-397-g1a7b1a870f (webtiles) character file.

Game seed: 10250653946630154254

797 Decipherer the Poker (level 7, -1/55 HPs)
             Began as a Demonspawn Berserker on Sept 4, 2021.
             Was a Priest of Trog.
             Slain by an orc warrior (7 damage)
             ... on level 5 of the Dungeon.
             The game lasted 00:04:15 (3853 turns).

Decipherer the Poker (Demonspawn Berserker)         Turns: 3853, Time: 00:04:15

Health: -1/55      AC: 11    Str: 19    XL:     7   Next: 58%
Magic:  7/7        EV: 12    Int: 11    God:    Trog [***...]
Gold:   240        SH:  0    Dex: 12    Spells: 6/6 levels left

rFire   . . .      SeeInvis +   a - +0 spear
rCold   . . .      Faith    .   (no shield)
rNeg    . . .      Spirit   .   w - +0 chain mail {rPois}
rPois   +          Reflect  .   (helmet restricted)
rElec   .          Harm     .   (no cloak)
rCorr   .          Rampage  .   (no gloves)
Will    .....                   y - +1 pair of boots
Stlth   ..........              (no amulet)
HPRegen 0.18/turn               e - ring of see invisible
MPRegen 0.10/turn               g - +4 ring of evasion

@: no status effects
A: horns 1, demonic guardian 1, powered by death 1, big brain 1
a: Renounce Religion, Berserk, Trog's Hand


You were on level 5 of the Dungeon.
You worshipped Trog.
Trog was most pleased with you.
You visited 2 branches of the dungeon, and saw 6 of its levels.

You collected 240 gold pieces.

Inventory:

Hand Weapons
 a - a +0 spear (weapon)
Missiles
 s - 5 boomerangs
 u - 5 poisoned darts
 x - 3 javelins
Armour
 d - a +0 helmet
 w - a +0 chain mail of poison resistance (worn)
 y - a +1 pair of boots (worn)
Jewellery
 e - a ring of see invisible (left hand)
 g - a +4 ring of evasion (right hand)
 j - a ring of resist corrosion
Wands
 b - a wand of charming (15)
Scrolls
 c - 4 scrolls of vulnerability {unknown}
 f - a scroll of immolation {unknown}
 k - 2 scrolls of teleportation {unknown}
 l - a scroll of fog {unknown}
 o - a scroll of summoning {unknown}
 p - 4 scrolls of identify {unknown}
 t - a scroll of enchant weapon {unknown}
 v - a scroll of fear {unknown}
 z - a scroll of blinking {unknown}
 A - 2 scrolls of amnesia {unknown}
Potions
 h - a potion of degeneration {unknown}
 i - a potion of berserk rage {unknown}
 m - a potion of attraction {unknown}
 n - 2 potions of cancellation {unknown}
 q - 2 potions of brilliance {unknown}
 r - 5 potions of lignification {unknown}
 B - a potion of mutation {unknown}
 C - a potion of flight {unknown}


   Skills:
 + Level 4.8 Fighting
 + Level 6.1 Polearms
 + Level 3.5 Armour
 + Level 2.9 Dodging
 + Level 1.6 Stealth


You had 6 spell levels left.
You didn't know any spells.
Your spell library was empty.

Dungeon Overview and Level Annotations

Branches:
Dungeon (5/15)             Temple (1/1) D:4

Altars:
Ashenzari
Dithmenos
Gozag
Hepliaklqana
Kikubaaqudgha
Nemelex Xobeh
Okawaru
Ru
Wu Jian
Xom
The Shining One


Innate Abilities, Weirdness & Mutations

You have a pair of small horns on your head.
A weak demonic guardian rushes to your aid.
You regenerate a little health from kills.
You have an unusually large brain. (Int +2)


Message History

The orc warrior is lightly wounded.
Unknown command.
An orc warrior is nearby!
You completely miss the orc warrior.
You headbutt the orc warrior, but do no damage.
The orc warrior is lightly wounded.
The orc warrior closely misses you.
Unknown command.
An orc warrior is nearby!
You hit the orc warrior but do no damage.
The orc warrior is lightly wounded.
The orc warrior hits you with a +0 long sword!
Unknown command.
An orc warrior is nearby!
You hit the orc warrior but do no damage.
You headbutt the orc warrior, but do no damage.
The orc warrior is lightly wounded.
The orc warrior hits you with a +0 long sword!
Unknown command.
An orc warrior is nearby!
You hit the orc warrior but do no damage.
You headbutt the orc warrior.
The orc warrior is moderately wounded.
The orc warrior hits you with a +0 long sword!
* * * LOW HITPOINT WARNING * * *
Unknown command.
An orc warrior is nearby!
You are too injured to fight recklessly!
Unknown command.
You barely miss the orc warrior. Your headbutt misses the orc warrior.
The orc warrior is moderately wounded.
You hit the orc warrior but do no damage.
The orc warrior is moderately wounded.
The orc warrior hits you with a +0 long sword!
* * * LOW HITPOINT WARNING * * *
A demonic guardian appears!
You barely miss the orc warrior. You headbutt the orc warrior.
The orc warrior is moderately wounded.
The orc warrior hits you with a +0 long sword!
You die...

#. #..
#..###############
#.................
#.................
.#.....#########
##. ###.#..###..
.....###.##..##.#
#....)o@5.##.##.##
..#######........#
#.##.....###
#$##.......# ##
#....##.##.###..
#.#####..#.#...#
...##............
..................
#..###..#
....#.(...........


You could see an orc warrior (ally target) and a friendly quasit (summoned).

Vanquished Creatures
  A black bear (D:5)
  2 ogres (D:4)
  A necrophage (D:5)
  2 scorpions (D:5)
  3 orc priests
  Jessica (D:2)
  An iguana (D:5)
  An orc wizard (D:3)
  2 hound skeletons
  2 adders (D:2)
  An ufetubus (D:5)
  An adder skeleton (D:4)
  A worm (D:4)
  6 dart slugs
  11 orcs
  7 endoplasms
  4 giant cockroaches
  5 goblins
  9 hobgoblins
  3 jackals (D:1)
  5 quokkas
  6 ball pythons
  5 bats
  3 frilled lizards
  7 kobolds
  4 rats
94 creatures vanquished.

Vanquished Creatures (others)
  An orc wizard (D:3)
  A plant (D:4)
2 creatures vanquished.

Grand Total: 96 creatures vanquished

Notes
Turn   | Place    | Note
-------+----------+-------------------------------------------
     0 | D:1      | Decipherer the Demonspawn Berserker began the quest for the
                  | Orb.
     0 | D:1      | Reached XP level 1. HP: 18/18 MP: 1/1
   340 | D:1      | Gained mutation: You regenerate a little health from kills.
                  | [demonic ancestry]
   340 | D:1      | Reached XP level 2. HP: 24/24 MP: 2/2
   343 | D:1      | Reached skill level 3 in Polearms
   770 | D:1      | Reached ** piety under Trog
   788 | D:1      | Reached XP level 3. HP: 29/29 MP: 3/3
  1321 | D:2      | Found an ornate altar of the Wu Jian Council.
  1399 | D:2      | Gained mutation: You have an unusually large brain. (Int
                  | +2) [demonic ancestry]
  1399 | D:2      | Reached XP level 4. HP: 36/37 MP: 4/4
  1501 | D:2      | Noticed Jessica
  1512 | D:2      | Killed Jessica
  1513 | D:2      | Reached skill level 4 in Polearms
  1869 | D:3      | Reached XP level 5. HP: 42/42 MP: 5/5
  1875 | D:3      | Reached skill level 1 in Stealth
  2058 | D:3      | Reached *** piety under Trog
  2633 | D:4      | Noticed an ogre
  2639 | D:4      | Killed an ogre
  2640 | D:4      | Reached skill level 5 in Polearms
  2640 | D:4      | Gained mutation: A weak demonic guardian rushes to your
                  | aid. [demonic ancestry]
  2640 | D:4      | Reached XP level 6. HP: 34/48 MP: 6/6
  3004 | D:4      | Found an ancient bone altar of Kikubaaqudgha.
  3053 | D:4      | Found a shimmering altar of Xom.
  3222 | D:4      | Found a staircase to the Ecumenical Temple.
  3521 | Temple   | Entered the Ecumenical Temple
  3639 | D:5      | Entered Level 5 of the Dungeon
  3658 | D:5      | Gained mutation: You have a pair of small horns on your
                  | head. [demonic ancestry]
  3658 | D:5      | Reached XP level 7. HP: 55/55 MP: 7/7
  3800 | D:5      | Reached skill level 6 in Polearms
  3853 | D:5      | Slain by an orc warrior

Illustrated notes

Levels and vault maps discovered:
D:1:      sevenhm_arrival_forest_fort_large_3, layout_basic
D:2:      layout_loops_ring, basic_altar, kennysheep_jessica_study
D:3:      layout_basic, tso_oasis_becter, nrook_uturn, mrwooster_statue_mirror,
          uniq_crazy_yiuf_cottage
D:4:      layout_loops_ring, kiku_gazebo_pond_becter, lemuel_round_altar,
          minmay_temple_entry_enclosed_plants, serial_bayou_pond_a
D:5:      layout_rooms, cheibrodos_worm_habitat, marbit_many_paths,
          grunt_temple_overflow_open, mainiacjoe_overflow_alcove_2
Temple:   compressed_dpeg_triangle_lava_temple

Skill      XL: |  1  2  3  4  5  6  7 |
---------------+----------------------+-----
Polearms       | 3 4 5 6 |  6.1
Dodging        | 2 |  2.9
Fighting       | 4 |  4.8
Stealth        | 1 |  1.6
Armour         | 2 3 |  3.5

Action                   |  1- 3 |  4- 6 |  7- 9 || total
-------------------------+-------+-------+-------++-------
Melee: Spear             |   138 |   181 |    45 ||   364
       Headbutt          |       |       |    14 ||    14
Invok: Berserk           |       |     6 |       ||     6
 Stab: Sleeping          |     2 |       |       ||     2
Armor: Animal skin       |    24 |     1 |       ||    25
       Scale mail        |       |    19 |       ||    19
       Chain mail        |       |    17 |     8 ||    25
Dodge: Dodged            |    54 |    64 |    11 ||   129

Table legend: (Time is in decaauts)
 A = Elapsed time spent in this place.
 B = Non-inter-level travel time spent in this place.
 C = Inter-level travel time spent in this place.
 D = Time resting spent in this place.
 E = Time spent auto-exploring this place.
 F = Levels seen in this place.
 G = Mean time per level.
                   A        B        C        D        E       F      G
               +--------+--------+--------+--------+--------+-----+--------+
         Total |   3869 |   3717 |    152 |      0 |   2965 |   6 |  644.8 |
       Dungeon |   3819 |   3667 |    152 |      0 |   2944 |   5 |  763.8 |
        Temple |     49 |     49 |      0 |      0 |     21 |   1 |   49.0 |
               +--------+--------+--------+--------+--------+-----+--------+

Top non-repeatable levels by time:
     D:1: 1025 daAuts
     D:4: 970 daAuts
     D:3: 834 daAuts
     D:2: 775 daAuts
     D:5: 213 daAuts
  Temple: 49 daAuts
